cohdb
Replays
Latest Replays
All Replays
Popular Replays
Top Player Replays
Match Explorer
How It Works
Community
CoH3 Stats
Reddit
Sign in to upload your games and track your stats! →
Sign in with Steam
Match 43483163
Unlisted
Match 43483163
Overview
Messages
Build Orders
End
Panzergrenadier Squad
Panzergrenadier Squad
Construct Light Support Kompanie
2.5-tonne Medical Truck
MG34 Team
Fire Support Elements
Veteran Squad Leaders
le.IG 18 Mechanized Group
Pak 38 Anti-tank Gun Team
Selects Panzerjäger Kommand Battlegroup
Construct Panzerarmee Kommand
Selects Tank Busters
Selects Crew Shock Tactics
Panzerjäger Squad
Selects Anti-tank Overwatch
Walking Stuka Rocket Launcher
Anti-tank Overwatch
Armored Reserves
Panzergrenadier Squad
Selects Blockade Equipment
Selects Defensive Positions
Anti-tank Overwatch
394158845
enjo
Unkl Nudel
MG42
JT9001
admiral_gnar
Milk
Bruno Kalito
0
0
Comments
sign in to comment!
No comments posted yet!